Construct Section Command Post
Selects Indian Artillery Battlegroup
Construct Platoon Command Post
Construct Field Infirmary
Unlock Bishop Self-propelled Artillery
6-pounder Anti-tank Gun Team
Selects Gurkha Rifles Section
Selects Gurkha Rifles Section
Bishop Self-propelled Artillery
Selects Artillery Saturation
Construct Company Command Post
Selects Off-map Airburst Barrage
Selects BL5.5 Artillery Emplacement